Map: 虚空撕裂

Players

二年级二班永亮

  • Race: Protoss Protoss
  • League: Gold
  • Spawn Location: 9:00

悲觞乁述祱微笑

  • Race: Terran Terran
  • Spawn Location: 6:00

VOD

Have the link to the VOD?

Description

Time

  • Played on: March 5, 2018, 5:47 p.m.
  • Length: 15:51
Show
View Real Time Build Order
Export as new Build Order

二年级二班永亮 Protoss 

Build Orders:  

Get SALT Encoding   

  12  0:04  Probe (Chrono Boost)  
  13  0:16  Probe (Chrono Boost)  
  14  0:27  Probe (Chrono Boost)  
  15  0:38  Probe (Chrono Boost)  
  16  0:47  Gateway  
  17  0:51  Probe (Chrono Boost)  
  17  1:02  Probe (Chrono Boost)  
  18  1:13  Probe (Chrono Boost)  
  18  1:19  Pylon  
  19  1:25  Probe (Chrono Boost)  
  20  1:36  Probe (Chrono Boost)  
  21  1:46  Assimilator  
  21  1:47  Probe (Chrono Boost)  
  22  1:53  Zealot  
  22  1:58  Probe (Chrono Boost)  
  25  2:09  Probe (Chrono Boost)  
  26  2:11  Cybernetics Core  
  26  2:12  Protoss Air Weapons Level 1  
  26  2:14  Assimilator  
  27  2:20  Probe (Chrono Boost)  
  27  2:23  Zealot  
  29  2:32  Probe (Chrono Boost)  
  30  2:47  Probe (Chrono Boost)  
  31  2:53  Zealot  
  34  3:00  Probe (Chrono Boost)  
  34  3:11  Zealot  
  36  3:38  Nexus  
  36  3:46  Zealot  
  38  3:54  Protoss Air Weapons Level 2  
  39  4:17  Probe (Chrono Boost)  
  39  4:20  Stargate  
  40  4:33  Probe (Chrono Boost)  
  41  4:50  Probe (Chrono Boost)  
  41  5:07  Probe (Chrono Boost)  
  41  5:22  Fleet Beacon  
  41  5:24  Probe (Chrono Boost)  
  41  5:28  Probe (Chrono Boost)  
  42  5:34  Assimilator  
  42  5:39  Probe (Chrono Boost)  
  44  5:40  Assimilator  
  44  5:41  Probe (Chrono Boost)  
  45  5:50  Probe (Chrono Boost)  
  45  5:58  Probe (Chrono Boost)  
  46  6:01  Probe (Chrono Boost)  
  47  6:12  Probe (Chrono Boost)  
  47  6:16  Zealot  
  50  6:23  Tempest  
  50  6:24  Probe (Chrono Boost)  
  55  6:35  Probe (Chrono Boost)  
  57  6:40  Tempest  
  57  6:44  Probe (Chrono Boost)  
  57  6:46  Probe (Chrono Boost)  
  62  6:56  Disintegration  
  62  7:00  Zealot  
  62  7:01  Zealot  
  62  7:08  Tempest  
  70  7:19  Probe (Chrono Boost)  
  72  7:30  Probe (Chrono Boost)  
  73  7:41  Probe (Chrono Boost)  
  73  7:50  Tempest  
  73  7:52  Probe (Chrono Boost)  
  78  8:17  Tempest  
  82  9:07  Tempest  
  82  9:08  Tempest  
  90  9:23  Pylon  
  90  9:45  Forge  
  90  10:02  Zealot  
  90  10:03  Zealot  
  90  10:15  Tempest x2  
  98  10:48  Tempest  
  102  10:50  Zealot x2  
  102  10:51  Zealot  
  106  11:09  Zealot  
  104  11:29  Tempest  
  106  11:30  Tempest  
  106  11:31  Zealot  
  106  11:32  Zealot  
  114  11:43  Zealot  
  108  12:16  Zealot  
  108  12:17  Zealot x2  
  112  12:38  Tempest x2  
  112  12:39  Tempest  
  114  13:04  Zealot x2  
  114  13:05  Zealot  
  100  13:20  Tempest  
  77  14:13  Tempest  
  77  14:31  Tempest  
  77  14:32  Zealot  
  69  15:06  Zealot x3  
  75  15:19  Zealot  
  71  15:22  Tempest  
  43  15:32  Zealot  
Show
View Real Time Build Order
Export as new Build Order

悲觞乁述祱微笑 Terran 

Build Orders:  

Get SALT Encoding   

Tags
 
Commander
ArtanisRaynor
League
Gold
Matchup
Co-op
Replay Pack
Co-op Speedrun
Add a new tag
Caveats
  • Supply blocks, unpowered buildings, or Contaminate may cause inaccurate times.
  • Supply counts are checked every 10 seconds.